Map: Last Fantasy LE

Players

Imperius - Winner!

  • Race: Terran Terran
  • Spawn Location: 12:00

VOD

Have the link to the VOD?

Description

Time

  • Played on: April 28, 2025, 8:48 p.m.
  • Length: 15:59
Show
View Real Time Build Order
Export as new Build Order

Imperius Terran - Winner!

Build Orders:  

Get SALT Encoding   

  12  0:05  SCV  
  13  0:22  SCV  
  14  0:34  Supply Depot  
  14  0:45  Refinery  
  14  1:32  Refinery  
  14  1:35  Barracks  
  14  1:36  SCV  
  15  1:53  SCV  
  16  2:10  SCV  
  17  2:27  SCV  
  18  2:43  Supply Depot  
  18  2:44  Barracks Reactor, SCV  
  19  2:54  Barracks Tech Lab  
  19  2:58  Stimpack  
  19  3:05  SCV  
  20  3:22  Marine, SCV  
  22  3:39  SCV  
  23  3:43  Barracks  
  23  3:47  Marine  
  24  3:56  SCV  
  25  4:06  Factory  
  25  4:12  Marine  
  26  4:30  Orbital Command  
  26  4:37  Marine  
  27  5:00  Command Center  
  27  5:02  Marine  
  27  5:07  Barracks Reactor  
  28  5:11  SCV  
  29  5:28  SCV, Factory Tech Lab  
  30  5:44  Supply Depot  
  30  5:45  SCV  
  31  6:22  Marine x2  
  33  6:35  Starport, Siege Tank  
  36  6:47  Marine x2  
  38  7:04  SCV  
  39  7:12  Marine x2  
  39  7:18  SCV  
  42  7:20  Siege Tank  
  42  7:21  SCV  
  46  7:35  SCV  
  46  7:37  Marine x2  
  46  7:38  SCV  
  46  7:39  Medivac  
  52  7:52  SCV  
  52  7:55  Supply Depot, SCV  
  54  8:25  Siege Tank, Medivac, Marine, SCV x2  
  62  8:30  Supply Depot  
  62  9:00  Marine  
  62  9:01  Supply Depot, Marine x2, SCV  
  62  9:07  Medivac  
  62  9:09  SCV  
  69  9:17  Refinery  
  69  9:25  Marine  
  70  9:31  Siege Tank, SCV, Marine x2  
  76  9:48  SCV  
  77  9:50  Marine, Unknown  
  77  9:54  Supply Depot  
  78  10:05  Unknown  
  78  10:24  Siege Tank, Medivac, Marine x2, SCV  
  86  10:56  Supply Depot  
  86  11:02  Supply Depot  
  90  11:56  SCV  
  90  12:26  Unknown  
  90  12:31  Marine  
  90  12:32  Marine x2  
  93  12:45  SCV  
  93  12:46  SCV  
  95  12:56  Marine  
  95  12:57  Marine x2  
  98  13:02  SCV  
  98  13:03  SCV  
  100  13:19  SCV  
  101  13:20  SCV  
  101  13:26  Marine  
  102  13:35  Unknown  
  102  13:50  Unknown  
  102  14:11  Unknown  
  102  14:55  Unknown  
Tags
 
Add a new tag
Caveats
  • Supply blocks, unpowered buildings, or Contaminate may cause inaccurate times.
  • Supply counts are checked every 10 seconds.